 Dungeon Crawl Stone Soup version 0.29.1-4-g47bece8355 (webtiles) character file.

Game seed: 12392335231870096003

1457 IcyTea the Scholar of Death (level 8, 0/52 HPs)
             Began as a Demonspawn Necromancer on Dec 9, 2022.
             Was a Follower of Kikubaaqudgha.
             Slain by ymhsbmbesitwf's ghost (6 damage)
             ... on level 2 of the Dungeon.
             The game lasted 00:33:40 (7896 turns).

IcyTea the Scholar of Death (DsNe)                  Turns: 7896, Time: 00:33:41

Health: 0/52       AC:  6    Str:  6 (9)  XL:     8   Next: 47%
Magic:  1/14       EV: 10    Int: 15 (18) God:    Kikubaaqudgha [*.....]
Gold:   177        SH:  0    Dex: 12 (14) Spells: 5/15 levels left

rFire   + + .      SeeInvis .   s - +2 scythe (vamp)
rCold   . . .      Faith    .   (shield currently unavailable)
rNeg    . . .      Spirit   .   z - +0 ring mail
rPois   .          Reflect  .   (helmet restricted)
rElec   .          Harm     .   d - scarf {shadows}
rCorr   .          Rampage  .   g - +0 pair of gloves
Will    .....                   (no boots)
Stlth   +.........              (no amulet)
HPRegen 0.17/turn               w - ring of protection from fire
MPRegen 0.14/turn               u - ring of protection from fire

@: attractive
A: antennae 1, powered by death 1, sturdy frame 1
a: Renounce Religion, Unearth Wretches


You were on level 2 of the Dungeon.
You worshipped Kikubaaqudgha.
Kikubaaqudgha was aware of your devotion.
You visited 2 branches of the dungeon, and saw 7 of its levels.

You collected 177 gold pieces.

Inventory:

Hand Weapons
 f - a +4 whip
 s - a +2 vampiric scythe (weapon)
Missiles
 v - 6 poisoned darts
Armour
 d - a scarf of shadows (worn)
 g - a +0 pair of gloves (worn)
 n - a +0 kite shield
 z - a +0 ring mail (worn)
Jewellery
 j - a ring of flight
 u - a ring of protection from fire (right hand)
 w - a ring of protection from fire (left hand)
Wands
 A - a wand of quicksilver (8)
Scrolls
 c - a scroll of enchant armour {unknown}
 m - a scroll of vulnerability
 o - 6 scrolls of teleportation
 p - a scroll of torment {unknown}
 q - 3 scrolls of poison
 r - 2 scrolls of identify
Potions
 b - 2 potions of magic
 e - a potion of cancellation {unknown}
 h - a potion of attraction
 i - 3 potions of brilliance
 k - 2 potions of might
 l - a potion of resistance {unknown}
 x - a potion of ambrosia {unknown}


   Skills:
 - Level 2.8 Polearms
 - Level 2.1 Armour
 - Level 1.7 Dodging
 - Level 1.7 Stealth
 - Level 4.1 Spellcasting
 + Level 9.8 Necromancy
 - Level 3.0 Fire Magic


You had 5 spell levels left.
You knew the following spells:

 Your Spells              Type           Power      Damage    Failure   Level
a - Necrotise             Necr           100%       1d9       1%          1
b - Scorch                Fire           24%        2d6       16%         2
c - Animate Dead          Necr           32%        N/A       6%          4
d - Vampiric Draining     Necr           32%        2d8       1%          3

Your spell library contained the following spells:

 Spells                   Type           Power      Damage    Failure   Level
 Sublimation of Blood     Necr           32%        N/A       1%          2
 Agony                    Necr           32%        N/A       17%         5
 Slow                     Hex            12%        N/A       34%         1
 Anguish                  Hex/Necr       8%         N/A       41%         4
 Confusing Touch          Hex            3%         N/A       71%         3
 Flame Wave               Conj/Fire      7%         2d5       88%         4
 Summon Forest            Summ/Tloc      1%         N/A       100%        5
 Summon Mana Viper        Hex/Summ       3%         N/A       100%        5
 Summon Cactus Giant      Summ           1%         N/A       100%        6


Dungeon Overview and Level Annotations

Branches:
Dungeon (6/15)             Temple (1/1) D:4

Altars:
Ashenzari
Cheibriados
Dithmenos
Fedhas
Hepliaklqana
Kikubaaqudgha
Makhleb
Nemelex Xobeh
Okawaru
Ru
Trog
Uskayaw
Vehumet
Wu Jian
Yredelemnul

Shops:
D:4 :

Annotations:
D:2 ymhsbmbesitwf's ghost, amateur MfGl


Innate Abilities, Weirdness & Mutations

You have a pair of small antennae on your head.
You regenerate a little health from kills.
Your movements are slightly less encumbered by armour. (ER -2)


Message History

Aiming: Necrotise (safe; 1% risk of failure)
Press: ? - help, Q - select action, (/) - cycle Shift-Dir - straight line, f - you
Okay, then.
Casting: Necrotise (safe; 1% risk of failure)
Confirm with . or Enter, or press ? or * to list all spells.
Flames lash ymhsbmbesitwf's ghost.
Ymhsbmbesitwf's ghost resists.
Ymhsbmbesitwf's ghost is moderately damaged.
Ymhsbmbesitwf's ghost's fire resistance burns away.
Ymhsbmbesitwf's ghost hits you but does no damage.
Your magical contamination has completely faded away.
You closely miss ymhsbmbesitwf's ghost.
Ymhsbmbesitwf's ghost is moderately damaged.
Ymhsbmbesitwf's ghost hits you but does no damage.
You hit ymhsbmbesitwf's ghost but do no damage.
Ymhsbmbesitwf's ghost is moderately damaged.
Ymhsbmbesitwf's ghost is no longer more vulnerable to fire.
Ymhsbmbesitwf's ghost hits you. Ymhsbmbesitwf's ghost hits you!
You barely miss ymhsbmbesitwf's ghost.
Ymhsbmbesitwf's ghost is moderately damaged.
Ymhsbmbesitwf's ghost whispers, "The ORB doesn't exist."
Ymhsbmbesitwf's ghost hits you!
* * * LOW HITPOINT WARNING * * *
It was a potion of attraction.
You feel attractive to monsters.
Ymhsbmbesitwf's ghost hits you but does no damage.
It was a potion of degeneration.
There was something very wrong with that liquid.
You feel weakened.
You feel dopey.
You feel clumsy. Ymhsbmbesitwf's ghost hits you!
* * * LOW HITPOINT WARNING * * *
You feel better. Ymhsbmbesitwf's ghost hits you.
* * * LOW HITPOINT WARNING * * *
Blink to where?
Press: ? - help, Dir - move target
As you read the scroll of blinking, it crumbles to dust.
Ymhsbmbesitwf's ghost is attracted toward you.
Ymhsbmbesitwf's ghost attacks as you move away!
Ymhsbmbesitwf's ghost hits you.
You die...
Kikubaaqudgha rasps: "You have failed me!
Welcome... death!"

#####.# #.#...#........#
#####.....####.#.##########.#
.)..'..........)§# #.#
#####.....####.#.# #.#
#...........#.#§# #.#
#...........#.#.# #.#
#...........#.#.# #.#
#....÷......'.#W# #.#
##...........###@# #.#
.................# ###.#
.##############..# #...#
..............#..# #.###
.###..........#).### #.# .#
#..........#....# #.# .#
#..........#..#.# #.# .#
#..........#..#.# #.# .#
#..........#..#.# #.#


You could see ymhsbmbesitwf's ghost.

Vanquished Creatures
  Sigmund (D:4)
  4 black bears (D:6)
  An ice beast (D:6)
  Blork the orc (D:6)
  2 scorpions
  A gnoll sergeant (D:5)
  A howler monkey (D:6)
  2 jellies (D:5)
  2 orc priests
  Jessica (D:2)
  5 iguanas
  An orc wizard (D:5)
  2 gnolls (D:5)
  8 adders
  A shadow imp (D:5)
  A white imp (D:6)
  An ufetubus (D:5)
  A worm (D:4)
  6 dart slugs
  19 orcs
  2 ball pythons
  5 endoplasms
  4 giant cockroaches
  9 goblins
  5 hobgoblins
  5 jackals
  8 kobolds
  7 quokkas
  8 bats
  3 frilled lizards
  7 rats
124 creatures vanquished.

Vanquished Creatures (collateral kills)
  A gnoll (D:5)
  A ball python (D:1)
  2 endoplasms (D:4)
  A jackal (D:3)
5 creatures vanquished.

Vanquished Creatures (others)
  A gnoll zombie (D:5)
  An endoplasm zombie (D:4)
  9 orc zombies
  A demonic plant (D:1)
  2 fungi (D:3)
14 creatures vanquished.

Grand Total: 143 creatures vanquished

Notes
Turn   | Place    | Note
-------+----------+-------------------------------------------
     0 | D:1      | IcyTea the Demonspawn Necromancer began the quest for the
                  | Orb.
     0 | D:1      | Reached XP level 1. HP: 13/13 MP: 3/3
   330 | D:1      | Gained mutation: You have a pair of small antennae on your
                  | head. [demonic ancestry]
   330 | D:1      | Reached XP level 2. HP: 19/19 MP: 1/5
   344 | D:1      | Reached skill level 5 in Necromancy
   706 | D:1      | Learned a level 2 spell: Scorch
   823 | D:1      | Noticed a Hell Sentinel
   824 | D:1      | Found a faded altar of an unknown god.
  1100 | D:1      | Reached XP level 3. HP: 24/24 MP: 4/6
  1206 | D:1      | Reached skill level 1 in Fire Magic
  1482 | D:2      | Noticed Jessica
  1487 | D:2      | Killed Jessica
  1537 | D:2      | Reached XP level 4. HP: 30/30 MP: 5/7
  2859 | D:3      | Found an ornate altar of the Wu Jian Council.
  2938 | D:3      | Found a snail-covered altar of Cheibriados.
  3016 | D:3      | Gained mutation: You regenerate a little health from kills.
                  | [demonic ancestry]
  3016 | D:3      | Reached XP level 5. HP: 35/35 MP: 2/8
  3457 | D:3      | Noticed ymhsbmbesitwf's ghost (amateur MfGl)
  3458 | D:3      | Found a runed translucent gate.
  3459 | D:3      | Found a runed translucent gate.
  3459 | D:3      | Found a runed translucent gate.
  3464 | D:3      | Identified the +9 hand axe of the Verdant God {freeze,
                  | Will+ rCorr Dex-5 SInv}
  3526 | D:4      | Found Mehoaboa's Book Boutique.
  3535 | D:4      | Reached skill level 6 in Necromancy
  3546 | D:4      | Learned a level 4 spell: Animate Dead
  3783 | D:4      | Noticed Sigmund
  3795 | D:4      | Killed Sigmund
  3796 | D:4      | Reached XP level 6. HP: 29/41 MP: 0/12
  3952 | D:4      | Found a staircase to the Ecumenical Temple.
  3985 | Temple   | Entered the Ecumenical Temple
  4001 | Temple   | Became a worshipper of Kikubaaqudgha
  4341 | D:5      | Entered Level 5 of the Dungeon
  4346 | D:5      | Learned a level 3 spell: Vampiric Draining
  4686 | D:5      | Reached skill level 1 in Polearms
  4690 | D:5      | Gained mutation: Your movements are slightly less
                  | encumbered by armour. (ER -2) [demonic ancestry]
  4690 | D:5      | Reached XP level 7. HP: 21/46 MP: 4/13
  4755 | D:5      | Reached skill level 7 in Necromancy
  4904 | D:5      | Reached skill level 1 in Armour
  4914 | D:5      | HP: 2/46 [gnoll/+0 club[a gnoll sergeant] (7)]
  5969 | D:6      | Reached * piety under Kikubaaqudgha
  5969 | D:6      | Received a gift from Kikubaaqudgha
  5998 | D:6      | Reached skill level 8 in Necromancy
  5998 | D:6      | Reached XP level 8. HP: 32/52 MP: 14/14
  6629 | D:6      | Reached skill level 9 in Necromancy
  6911 | D:6      | Noticed Blork the orc
  6919 | D:6      | Killed Blork the orc
  7120 | D:6      | Found a shadowy altar of Dithmenos.
  7893 | D:2      | HP: 2/52 [ymhsbmbesitwf's ghost (11)]
  7896 | D:2      | Slain by ymhsbmbesitwf's ghost

Illustrated notes

Levels and vault maps discovered:
D:1:      tarquinn_simple_flora_water_c, layout_loops_corners,
          dreamdust_ecumenical_altar_sealed_demon
D:2:      layout_basic, uniq_jessica
D:3:      layout_basic, mainiacjoe_overflow_alcove_2,
          mainiacjoe_overflow_boulevard, biasface_ghost_orc_armoury
D:4:      layout_gridville, minmay_temple_entry_stoned_glass, serial_shops,
          shop, uniq_sigmund
D:5:      layout_loops_corners
D:6:      black_bear_nest_2, layout_basic, mainiacjoe_overflow_alcove_1,
          nrook_loot_triangle, uniq_blork_the_orc
Temple:   nicolae_temple_no_exploring_needed

Skill      XL: |  1  2  3  4  5  6  7  8 |
---------------+-------------------------+-----
Necromancy     | 5 6 8 9 |  9.8
Fire Magic     | 2 3 |  3.0
Spellcasting   | 4 |  4.1
Polearms       | 1 2 |  2.8
Armour         | 2 |  2.1
Dodging        | |  1.7
Stealth        | |  1.7

Action                   |  1- 3 |  4- 6 |  7- 9 || total
-------------------------+-------+-------+-------++-------
Melee: Unarmed           |     1 |       |       ||     1
       Spear             |    12 |       |       ||    12
       Club              |     4 |       |       ||     4
       Whip              |     9 |    55 |       ||    64
       Halberd           |       |    41 |   110 ||   151
 Cast: Necrotise         |    37 |    59 |    50 ||   146
       Scorch            |       |    12 |    13 ||    25
       Animate Dead      |       |     2 |     7 ||     9
       Vampiric Draining |       |       |     5 ||     5
  Use: Scroll            |     1 |     4 |     2 ||     7
       Potion            |       |     2 |     7 ||     9
 Stab: Sleeping          |     2 |     9 |     1 ||    12
       Distracted        |     1 |     1 |       ||     2
Armor: Robe              |     6 |    28 |     4 ||    38
       Ring mail         |       |       |    61 ||    61
Dodge: Dodged            |    24 |    73 |    93 ||   190
